 Dungeon Crawl Stone Soup version 0.30-a0-881-g1ff12e1e11 (webtiles) character file.

Game seed: 18190134954518722955

165 retardedninja the Covered (level 5, 0/48 HPs)
             Began as an Armataur Fighter on Mar 14, 2023.
             Slain by a hobgoblin (5 damage)
             ... led by Robin
             ... on level 3 of the Dungeon.
             The game lasted 00:03:34 (2112 turns).

retardedninja the Covered (Armataur Fighter)        Turns: 2112, Time: 00:03:35

Health: 0/48       AC: 10    Str: 24    XL:     5   Next: 22%
Magic:  5/5        EV:  4    Int:  8    God:
Gold:   149        SH:  4    Dex:  9    Spells: 4/4 levels left

rFire   . . .      SeeInvis .    k - +6 mace of Resourcefulness {flame, rCorr}
rCold   . . .      Faith    .    c - +0 buckler
rNeg    . . .      Spirit   .    e - +0 plate armour
rPois   .          Reflect  .    (no helmet)
rElec   .          Roll     +    (no cloak)
rCorr   +                        (no gloves)
Will    .....                    (no barding) Stlth
                                 (no amulet)
HPRegen 0.28/turn                (no ring)
MPRegen 0.09/turn                (no ring)

@: mighty
A: large, rugged brown scales 3, deformed body, armoured tail, roll, long
tongue, awkward tongue
a: no special abilities


You were on level 3 of the Dungeon.
You visited 1 branch of the dungeon, and saw 3 of its levels.

You collected 149 gold pieces.

Inventory:

Hand Weapons
 k - the +6 mace of Resourcefulness (weapon) {flame, rCorr}
   (You took it off a goblin on level 2 of the Dungeon)

   rCorr:     It protects you from acid and corrosion.
Armour
 c - a +0 buckler (worn)
 e - a +0 plate armour (worn)
Wands
 l - a wand of flame (35)
Scrolls
 b - 4 scrolls of identify {unknown}
 g - 3 scrolls of teleportation {unknown}
 h - 2 scrolls of fear {unknown}
 i - 2 scrolls of blinking {unknown}
 j - a scroll of noise {unknown}
Potions
 a - a potion of brilliance {unknown}
 d - a potion of might
 f - a potion of magic {unknown}
 m - a potion of attraction {unknown}


   Skills:
 + Level 3.4 Fighting
 - Level 2.4(2.5) Axes
 * Level 1.1(2.1) Maces & Flails
 + Level 4.7 Armour
 + Level 4.2 Shields


You had 4 spell levels left.
You didn't know any spells.
Your spell library contained the following spells:

 Spells                   Type           Power      Damage    Failure   Level
 Cigotuvi's Dreadful Rot  Necr/Pois/Air  0%         N/A       100%        2
 Ignite Poison            Fire/Tmut/Pois 0%         N/A       100%        3
 Kindle Blastsparks       Fire/Tloc/Air  0%         2d10      100%        3
 Dispel Undead            Necr           0%         3d6       100%        4
 Freezing Cloud           Conj/Ice/Air   0%         6-21      100%        5
 Death Channel            Necr           0%         N/A       100%        6


Dungeon Overview and Level Annotations

Branches:
Dungeon (3/15)

Altars:


Innate Abilities, Weirdness & Mutations

You are completely covered in rugged brown scales. (AC +3, +7% HP)
Armour fits poorly on your strangely shaped body.
You have a long armoured tail.
You roll when moving toward enemies. (Rampage)
Your long tongue fully drains potion bottles. (2x potion effects)
Your tongue gives you trouble enunciating. (1.5x scroll delay)


Message History

You hear a shout!
Things that are here:
a +0 club; a goblin corpse Unknown command.
You roll towards Robin!
You hit Robin. You burn Robin.
Robin is lightly wounded.
The goblin hits you with a +1 dagger of speed.
Robin hits you but does no damage.
A hobgoblin comes into view.
The goblin hits you but does no damage.
You hit Robin. You burn Robin.
Robin is moderately wounded.
The goblin hits you but does no damage. Robin hits you but does no damage.
The goblin hits you with a +1 dagger of speed.
Robin hits you but does no damage.
A goblin comes into view. It is wielding a +0 club.
Unknown command.
Unknown command.
You closely miss Robin.
Robin is moderately wounded.
The goblin hits you but does no damage. x2; Robin throws the goblin at you!
The hobgoblin hits you.
You closely miss Robin.
Robin is moderately wounded.
The goblin hits you but does no damage. Robin hits you with a +0 mace.
* * * LOW HITPOINT WARNING * * *
You block the goblin's attack. The hobgoblin hits you.
* * * LOW HITPOINT WARNING * * *
A goblin comes into view. It is wielding a +0 club.
The goblin hits you but does no damage.
You slurp down every last drop of the potion of might!
You feel very mighty all of a sudden.
The goblin hits you but does no damage. x2; The hobgoblin hits you.
* * * LOW HITPOINT WARNING * * *
The goblin hits you but does no damage.
You sock Robin! You burn Robin.
You kill Robin!
The hobgoblin hits you but does no damage.
The goblin hits you but does no damage. x2; The hobgoblin hits you.
You die...

#.# #. #########.###
#> #...........# #.
#.######.##.# #. #.#
#.##.#### #. #.#
#.##.##.. #. #.#
#.##..... #)####.#
#.##..8#8 #..g@g.#
#.##..#!# #..gg###
###.##..8#8
##.#.................
#.##########.###....
#.# #.......( #.#
#######.# #:# #.# #.#
#.# #.# #.#


You could see a hobgoblin (strong) and 3 goblins.

Vanquished Creatures
  A scorpion (D:2)
  Ijyb (D:3)
  Robin (D:3)
  A gnoll (D:1)
  An adder (D:2)
  2 worms
  2 dart slugs
  An orc (D:3)
  6 ball pythons
  3 bats
  4 endoplasms
  2 giant cockroaches
  7 goblins
  5 hobgoblins
  2 jackals (D:2)
  6 kobolds
  A quokka (D:1)
  4 frilled lizards
  7 rats
57 creatures vanquished.

Notes
Turn   | Place    | Note
-------+----------+-------------------------------------------
     0 | D:1      | retardedninja the Armataur Fighter began the quest for the
                  | Orb.
     0 | D:1      | Reached XP level 1. HP: 19/19 MP: 1/1
   249 | D:1      | Reached XP level 2. HP: 26/26 MP: 2/2
   409 | D:1      | Found a faded altar of an unknown god.
   418 | D:1      | Reached XP level 3. HP: 31/33 MP: 3/3
  1348 | D:2      | Noticed a scorpion
  1354 | D:2      | Killed a scorpion
  1355 | D:2      | Reached XP level 4. HP: 30/40 MP: 4/4
  1373 | D:2      | Identified the +6 mace of Resourcefulness {flame, rCorr}
  1833 | D:3      | Noticed Ijyb
  1849 | D:3      | Killed Ijyb
  1850 | D:3      | Reached XP level 5. HP: 38/48 MP: 5/5
  2068 | D:3      | Reached skill level 1 in Maces & Flails
  2095 | D:3      | Noticed Robin
  2112 | D:3      | Killed Robin
  2112 | D:3      | Slain by a hobgoblin

Illustrated notes

Levels and vault maps discovered:
D:1:      mrwooster_arrival_statue, layout_basic,
          shapermc_ecumenical_altar_starsandcircs, dk_noncrumbling_2
D:2:      layout_loops_ring
D:3:      layout_loops_ring, lemuel_doored_altar, minmay_statues_item,
          uniq_ijyb, uniq_robin

Skill      XL: |  1  2  3  4  5 |
---------------+----------------+-----
Fighting       | 3 |  3.4
Armour         | 4 |  4.7
Axes           | 2 |  2.4
Shields        | 4 |  4.2
Maces & Flails | 1 |  1.1

Action                     |  1- 3 |  4- 6 || total
---------------------------+-------+-------++-------
  Melee: War axe           |    82 |     9 ||    91
         Tailslap          |     5 |     6 ||    11
         Mace              |       |    49 ||    49
    Use: Potion            |       |     1 ||     1
 Armour: Plate armour      |    62 |    49 ||   111
  Dodge: Dodged            |     7 |    10 ||    17
  Block: Buckler           |     8 |    11 ||    19

Table legend: (Time is in decaauts)
 A = Elapsed time spent in this place.
 B = Non-inter-level travel time spent in this place.
 C = Inter-level travel time spent in this place.
 D = Time resting spent in this place.
 E = Time spent auto-exploring this place.
 F = Levels seen in this place.
 G = Mean time per level.
                   A        B        C        D        E       F      G
               +--------+--------+--------+--------+--------+-----+--------+
         Total |   2167 |   2108 |     59 |    118 |   1616 |   3 |  722.3 |
       Dungeon |   2167 |   2108 |     59 |    118 |   1616 |   3 |  722.3 |
               +--------+--------+--------+--------+--------+-----+--------+

Top non-repeatable levels by time:
     D:1: 974 daAuts
     D:2: 776 daAuts
     D:3: 416 daAuts
